 Dungeon Crawl Stone Soup version 0.30-a0-743-gbfdf073431 (webtiles) character file.

Game seed: 12140253619384600694

485 hikkokomori the Shooter (level 7, -2/43 HPs)
             Began as a Kobold Hunter on Feb 5, 2023.
             Slain by Grinder (6 damage)
             ... while paralysed by Grinder
             ... on level 3 of the Dungeon.
             The game lasted 00:04:52 (2625 turns).

hikkokomori the Shooter (Kobold Hunter)             Turns: 2625, Time: 00:04:53

Health: -2/43      AC:  5    Str:  8    XL:     7   Next: 35%
Magic:  7/7        EV:  3    Int: 13    God:
Gold:   247        SH:  0    Dex: 18    Spells: 5/6 levels left

rFire   . . .      SeeInvis .    a - +0 shortbow (flame)
rCold   . . .      Faith    .    (shield currently unavailable)
rNeg    . . .      Spirit   .    c - +0 leather armour
rPois   .          Reflect  .    (no helmet)
rElec   .          Harm     .    i - +0 cloak
rCorr   .          Rampage  .    g - +0 pair of gloves
Will    .....                    (no boots)
Stlth   ++++                     (no amulet)
HPRegen 0.27/turn                (no ring)
MPRegen 0.10/turn                (no ring)

@: paralysed
A: small, no large weapons, nightstalker 3
a: no special abilities


You were on level 3 of the Dungeon.
You visited 1 branch of the dungeon, and saw 3 of its levels.
You also visited: Sewer.

You collected 247 gold pieces.

Inventory:

Hand Weapons
 a - a +0 shortbow of flaming (weapon)
 d - a +2 dagger of holy wrath
Armour
 c - a +0 leather armour (worn)
 g - a +0 pair of gloves (worn)
 i - a +0 cloak (worn)
Jewellery
 j - an amulet of faith
 k - a ring of resist corrosion
Scrolls
 b - 2 scrolls of immolation
 f - 3 scrolls of identify
 h - a scroll of poison
 l - a scroll of blinking
 m - a scroll of fog {unknown}
 n - a scroll of teleportation {unknown}
Potions
 e - 2 potions of heal wounds {unknown}
 o - a potion of mutation {unknown}
 p - a potion of lignification {unknown}


   Skills:
 + Level 4.2 Fighting
 + Level 6.7 Ranged Weapons
 - Level 2.4 Dodging
 + Level 4.8 Stealth
 * Level 4.1 Summonings


You had 5 spell levels left.
You knew the following spells:

 Your Spells              Type           Power      Damage    Failure   Level
a - Summon Small Mammal   Summ           40%        N/A       9%          1

Your spell library contained the following spells:

 Spells                   Type           Power      Damage    Failure   Level
 Call Canine Familiar     Summ           10%        N/A       24%         3
 Summon Guardian Golem    Hex/Summ       5%         N/A       50%         3
 Ensorcelled Hibernation  Hex/Ice        0%         N/A       56%         2
 Spider Form              Tmut/Pois      0%         N/A       80%         3
 Anguish                  Hex/Necr       0%         N/A       99%         4


Dungeon Overview and Level Annotations

Branches:
Dungeon (3/15)              Sewer (visited)

Altars:

Shops:
D:3 =(

Annotations:
D:3 Grinder


Innate Abilities, Weirdness & Mutations

You are small and have problems with some larger weapons.
You are completely attuned to the shadows.


Message History

You are too injured to fight recklessly!
You are too injured to fight recklessly!
You are too injured to fight recklessly!
You are too injured to fight recklessly!
You are too injured to fight recklessly!
You are too injured to fight recklessly!
You are too injured to fight recklessly!
You are too injured to fight recklessly!
You are too injured to fight recklessly!
You are too injured to fight recklessly!
Okay, then.
You aren't carrying any items that you can evoke.
Okay, then.
You shoot an arrow. The arrow barely misses Grinder.
Grinder hits you.
You writhe in agony.
Grinder says, "Mostly I couldn't keep them alive."
Grinder blinks!
Found 14 gold pieces.
You shoot an arrow. The arrow hits Grinder.
The arrow burns Grinder.
Grinder is heavily wounded.
Grinder barely misses you.
You shoot an arrow. The arrow hits Grinder.
The arrow burns Grinder.
Grinder is heavily wounded.
Grinder hits you.
* * * LOW HITPOINT WARNING * * *
Grinder says, "Wait up."
Grinder gestures at you.
You suddenly lose the ability to move!
Grinder hits you.
* * * LOW HITPOINT WARNING * * *
Grinder gestures at you.
You shrug off the repeated paralysis!
Grinder hits you.
* * * LOW HITPOINT WARNING * * *
You writhe in agony.
* * * LOW HITPOINT WARNING * * *
Grinder hits you.
* * * LOW HITPOINT WARNING * * *
You writhe in agony.
You die...

..........# ......###
......# .....##
.....# .......$.
.....# .!.......
.....## ..†...... .
......###..........
.##.##.........5@[...
.....#.####.####.####
.....#'# #.# .....#.#
#.# ##.###.### #.#
##.'..∩..+ #.#
...###.### #.#
##.<.#.#..## #.#
....##+#...#####.#


You could see Grinder (fast).

Vanquished Creatures
  Sigmund (D:2)
  A bullfrog (Sewer)
  Crazy Yiuf (D:2)
  2 orc wizards (D:3)
  Robin (D:2)
  6 adders
  5 dart slugs
  4 orcs (D:3)
  6 bats
  7 endoplasms
  11 giant cockroaches
  12 goblins
  7 hobgoblins
  7 quokkas (Sewer)
  17 ball pythons
  10 frilled lizards
  5 kobolds
  5 rats
108 creatures vanquished.

Notes
Turn   | Place    | Note
-------+----------+-------------------------------------------
     0 | D:1      | hikkokomori the Kobold Hunter began the quest for the Orb.
     0 | D:1      | Reached XP level 1. HP: 12/12 MP: 1/1
   114 | D:1      | Found a faded altar of an unknown god.
   212 | D:1      | Reached XP level 2. HP: 18/18 MP: 2/2
   254 | D:1      | Learned a level 1 spell: Summon Small Mammal
   550 | D:1      | Reached XP level 3. HP: 22/22 MP: 3/3
   779 | D:1      | Reached skill level 1 in Summonings
  1122 | D:2      | Noticed Sigmund
  1133 | D:2      | Killed Sigmund
  1134 | D:2      | Reached skill level 6 in Ranged Weapons
  1134 | D:2      | Reached XP level 4. HP: 28/28 MP: 4/4
  1134 | D:2      | Reached XP level 5. HP: 32/32 MP: 5/5
  1134 | D:2      | Reached XP level 6. HP: 37/37 MP: 6/6
  1208 | D:2      | Noticed Robin
  1226 | D:2      | Killed Robin
  1646 | D:2      | Found a runed translucent door.
  1649 | D:2      | Noticed Crazy Yiuf
  1790 | D:2      | Killed Crazy Yiuf
  1890 | D:3      | Found Qihobix's Weapon Shop.
  1937 | D:3      | Found Posotum's Jewellery Shop.
  2006 | D:3      | Found a glowing drain.
  2012 | Sewer    | Entered a sewer
  2200 | Sewer    | Reached XP level 7. HP: 42/43 MP: 7/7
  2610 | D:3      | Noticed Grinder
  2622 | D:3      | Paralysed by Grinder for 5 turns
  2625 | D:3      | Slain by Grinder

Illustrated notes

Levels and vault maps discovered:
D:1:      saegor_arrival_under_anarchy, layout_loops_ring,
          chequers_ecumenical_altar_lobes,
          nicolae_concentric_dashed_squares_mild, minmay_3d_cube
D:2:      layout_rooms, uniq_crazy_yiuf_cottage, uniq_robin, uniq_sigmund
D:3:      layout_rooms, portal_sewer_entry_b, serial_shops, shop,
          nicolae_shop_hallway_plus, kennysheep_generic_room_5, uniq_grinder

Skill      XL: |  1  2  3  4  5  6  7 |
---------------+----------------------+-----
Stealth        | 2 3 4 |  4.8
Summonings     | 2 3 4 |  4.1
Fighting       | 3 4 |  4.2
Ranged Weapons | 6 |  6.7
Dodging        | |  2.4

Action                     |  1- 3 |  4- 6 |  7- 9 || total
---------------------------+-------+-------+-------++-------
   Fire: Shortbow          |    67 |   138 |    72 ||   277
    Use: Scroll            |       |     3 |       ||     3
         Potion            |       |     1 |       ||     1
 Armour: Leather armour    |     4 |    38 |     9 ||    51
  Dodge: Dodged            |    27 |    84 |    36 ||   147

Table legend: (Time is in decaauts)
 A = Elapsed time spent in this place.
 B = Non-inter-level travel time spent in this place.
 C = Inter-level travel time spent in this place.
 D = Time resting spent in this place.
 E = Time spent auto-exploring this place.
 F = Levels seen in this place.
 G = Mean time per level.
                   A        B        C        D        E       F      G
               +--------+--------+--------+--------+--------+-----+--------+
         Total |   2748 |   2662 |     86 |     12 |   2113 |   4 |  687.0 |
       Dungeon |   2357 |   2271 |     86 |      0 |   1888 |   3 |  785.7 |
         Sewer |    390 |    390 |      0 |     12 |    225 |   1 |  390.0 |
               +--------+--------+--------+--------+--------+-----+--------+

Top non-repeatable levels by time:
     D:1: 1071 daAuts
     D:2: 835 daAuts
     D:3: 450 daAuts
   Sewer: 390 daAuts
